Map: [ESL] Site Delta

Players

HeroMarine - Winner!

  • Race: Terran Terran
  • Spawn Location: 5:00

trigger

  • Race: Protoss Protoss
  • League: Grandmaster
  • Spawn Location: 11:00

Event: HomeStory Cup XXIV

VOD

Have the link to the VOD?

Description

Time

  • Played on: Dec. 2, 2023, 1:14 p.m.
  • Length: 5:40

All games in this series

Show
View Real Time Build Order
Export as new Build Order

HeroMarine Terran - Winner!

Build Orders:  

Get SALT Encoding   

  12  0:00  SCV  
  13  0:12  SCV  
  14  0:16  Supply Depot  
  14  0:24  SCV  
  15  0:38  SCV  
  15  0:39  Barracks  
  15  0:42  Refinery  
  16  0:50  SCV  
  17  1:02  SCV  
  18  1:14  SCV  
  19  1:27  Orbital Command  
  20  1:35  Command Center  
  20  1:38  Marine  
  20  1:49  Factory  
  20  1:53  SCV  
  21  2:01  Barracks Reactor  
  21  2:02  Refinery  
  21  2:05  SCV  
  22  2:13  Supply Depot  
  22  2:18  SCV  
  23  2:33  Starport  
  23  2:35  Hellion, SCV  
  26  2:38  Marine x2  
  28  2:47  SCV  
  28  2:48  Orbital Command  
  29  2:57  Hellion  
  31  2:59  SCV  
  31  3:01  Marine  
  31  3:02  Marine  
  34  3:11  SCV  
  28  3:12  Medivac  
  35  3:15  SCV  
  38  3:20  Hellion  
  38  3:23  SCV, Marine x2  
  43  3:28  Supply Depot  
  43  3:30  SCV  
  44  3:35  SCV  
  45  3:42  Starport Tech Lab, Factory Tech Lab, SCV  
  46  3:49  SCV, Marine x2  
  46  3:50  Supply Depot  
  46  3:53  Barracks  
  46  3:55  SCV  
  50  4:01  SCV  
  51  4:07  SCV  
  52  4:13  Marine x2  
  52  4:14  SCV  
  53  4:19  Siege Tank, SCV  
  53  4:20  Raven  
  58  4:26  SCV  
  58  4:31  SCV, Marine, Engineering Bay  
  59  4:32  Barracks  
  59  4:34  Engineering Bay  
  59  4:38  SCV  
  62  4:41  Marine  
  62  4:43  SCV  
  59  4:49  Marine  
  59  4:51  Siege Tank  
  59  4:52  Supply Depot, Refinery  
  61  4:57  Missile Turret  
  61  4:58  Missile Turret  
  61  4:59  SCV  
  62  5:08  SCV, Marine x2  
  62  5:11  SCV  
  68  5:20  SCV  
  69  5:23  SCV  
Show
View Real Time Build Order
Export as new Build Order

trigger Protoss 

Build Orders: 1 Gate Expand, Dark Templar Rush 

Get SALT Encoding   

  12  0:00  Probe  
  13  0:12  Probe  
  14  0:18  Pylon  
  14  0:24  Probe (Chrono Boost)  
  15  0:35  Gateway  
  15  0:38  Probe (Chrono Boost)  
  16  0:43  Probe (Chrono Boost)  
  16  0:45  Assimilator  
  17  0:52  Probe  
  18  1:04  Probe  
  19  1:16  Probe  
  20  1:23  Cybernetics Core  
  20  1:32  Nexus  
  20  1:34  Probe  
  21  1:40  Assimilator  
  21  1:46  Pylon  
  21  1:48  Probe (Chrono Boost)  
  22  1:57  Probe (Chrono Boost)  
  22  2:00  Warp Gate  
  23  2:03  Probe  
  23  2:04  Adept (Chrono Boost)  
  26  2:15  Probe  
  27  2:27  Probe, Adept (Chrono Boost)  
  30  2:31  Twilight Council  
  30  2:40  Probe (Chrono Boost)  
  31  2:44  Probe (Chrono Boost)  
  31  2:49  Robotics Facility  
  32  2:56  Probe (Chrono Boost)  
  32  2:57  Probe (Chrono Boost)  
  34  3:01  Probe (Chrono Boost)  
  34  3:03  Probe  
  36  3:06  Gateway  
  36  3:10  Probe  
  37  3:14  Dark Shrine  
  37  3:16  Probe  
  38  3:20  Pylon  
  38  3:22  Probe  
  38  3:25  Assimilator  
  39  3:30  Probe  
  39  3:33  Warp Prism (Chrono Boost)  
  40  3:40  Probe  
  43  3:46  Pylon  
  43  3:49  Stalker  
  43  3:51  Probe  
  43  3:53  Probe  
  47  4:03  Probe  
  47  4:07  Stalker  
  50  4:13  Stalker  
  43  4:21  Probe  
  33  4:32  Stalker  
  28  4:38  Dark Templar  
  28  4:39  Probe x2  
  28  4:51  Probe x2  
  30  4:55  Zealot  
  32  5:03  Probe  
  32  5:04  Probe  
  33  5:15  Probe  
  33  5:17  Dark Templar  
  33  5:19  Dark Templar  
  36  5:21  Probe  
  36  5:28  Probe (Chrono Boost)  
Tags
 
Add a new tag
Caveats
  • Supply blocks, unpowered buildings, or Contaminate may cause inaccurate times.
  • Supply counts are checked every 10 seconds.